 Dungeon Crawl Stone Soup version 0.21-a0-508-gf08a75f (webtiles) character file.

176 Gerstahl the Skirmisher (level 5, -5/50 HPs)
             Began as a Naga Skald on Nov 29, 2017.
             Slain by an orc
             ... wielding a +0 trident
              (8 damage)
             ... on level 3 of the Dungeon.
             The game lasted 00:06:33 (3157 turns).

Gerstahl the Skirmisher (Naga Skald)                Turns: 3157, Time: 00:06:34

Health: -5/50      AC:  3    Str: 15    XL:     5   Next: 56%
Magic:  0/8        EV:  9    Int: 13    God:
Gold:   105        SH:  0    Dex: 10    Spells: 3/8 levels left

rFire    . . .     SeeInvis +   a - +0 falchion
rCold    . . .     Gourm    .   (no shield)
rNeg     . . .     Faith    .   b - +0 leather armour
rPois    +         Spirit   +   (no helmet)
rElec    .         Reflect  .   e - scarf {Spirit}
rCorr    .         Harm     .   (no gloves)
MR       .....     Rnd*Tele +   (no barding)
Stlth    +.........             (no amulet)
HPRegen  0.16/turn              g - ring of teleportation (curse)
MPRegen  0.11/turn              (no ring)

@: very slow
A: large, see invisible, deformed body, poison resistance, slowness 2, slow
metabolism 1, spit poison 1, AC +1
a: Spit Poison


You were on level 3 of the Dungeon.
You were not hungry.

You visited 1 branch of the dungeon, and saw 3 of its levels.

You collected 105 gold pieces.

Inventory:

Hand Weapons
 a - a +0 falchion (weapon)
Armour
 b - a +0 leather armour (worn)
 e - a scarf of spirit shield (worn)
Magical Staves
 v - an uncursed staff of fire {unknown}
Jewellery
 g - a cursed ring of teleportation (left hand)
Scrolls
 h - a scroll of random uselessness {unknown}
 i - a scroll of enchant armour {unknown}
 j - a scroll of fear {unknown}
 m - 2 scrolls of identify {unknown}
 o - 2 scrolls of remove curse {unknown}
Potions
 f - a potion of might {unknown}
 k - 2 potions of mutation {unknown}
 l - a potion of degeneration {unknown}
 n - 3 potions of brilliance {unknown}
 p - a potion of heal wounds {unknown}
 q - a potion of haste {unknown}
 s - a potion of magic {unknown}
 t - a potion of curing {unknown}
Books
 c - a book of Battle

   Spells                             Type                      Level
   a - Infusion                       Charms                       1
   b - Shroud of Golubria             Charms/Translocation         2
   c - Song of Slaying                Charms                       2
   d - Spectral Weapon                Hexes/Charms                 3
   e - Regeneration                   Charms/Necromancy            3
Comestibles
 d - a bread ration
 r - 3 fruits
 u - 2 chunks of flesh


   Skills:
 + Level 4.1 Fighting
 + Level 4.1 Long Blades
 - Level 0.7 Armour
 - Level 1.5 Dodging
 - Level 2.0 Spellcasting
 - Level 3.0 Charms


You had 3 spell levels left.
You knew the following spells:

 Your Spells              Type           Power        Failure   Level  Hunger
a - Infusion              Chrm           #...         9%          1    ##.....
b - Song of Slaying       Chrm           #.......     14%         2    ###....
c - Shroud of Golubria    Chrm/Tloc      #.........   26%         2    ###....


Dungeon Overview and Level Annotations

Branches:
Dungeon (3/15)

Altars:
Elyvilon
Trog


Innate Abilities, Weirdness & Mutations

You cannot wear boots.
Your serpentine skin is tough. (AC +1)
You have supernaturally acute eyesight. (SInv)
Armour fits poorly on your strangely shaped body.
Your system is resistant to poisons. (rPois)
You cover ground very slowly.
You have a slow metabolism.
You can spit poison.


Message History

You feel slightly more hungry.
The orc hits you from afar with a trident.
* * * LOW HITPOINT WARNING * * *
The orc hits you from afar with a trident.
* * * LOW HITPOINT WARNING * * *
You are no longer magically infusing your attacks.
You have got your breath back.
The orc barely misses you.
Press: ? - help, Shift-Dir - straight line, f/p - orc
Aim: an orc, wielding a trident and wearing a ring mail The splash of poison hits the orc.
The orc appears unharmed.
You feel slightly more hungry.
The orc hits you from afar with a trident.
* * * LOW HITPOINT WARNING * * *
You have got your breath back.
The orc hits you with a trident.
* * * LOW HITPOINT WARNING * * *
You closely miss the orc. The orc barely misses you.
You barely miss the orc. The orc hits you with a trident!
You die...

######### #.......#
######.).....#
#............#
#.######'# .
#####.#....#)####### ..
+..@o......†........
...#####'####.#########
............#... ..# #
............#######.# #
.................##.# #
............####..#.###
............# #.#....
............#####.#.###
............#.....).###


You could see an orc.

Vanquished Creatures
  An orc priest (D:3)
  A worker ant (D:3)
  6 adders
  2 worms
  A dart slug (D:2)
  2 leopard geckos (D:2)
  An orc (D:3)
  2 giant cockroaches
  8 hobgoblins
  4 jackals (D:2)
  2 ball pythons
  7 bats
  3 frilled lizards
  5 goblins
  9 kobolds
  6 rats
60 creatures vanquished.

Notes
Turn   | Place    | Note
-------+----------+-------------------------------------------
     0 | D:1      | Gerstahl the Naga Skald began the quest for the Orb.
     0 | D:1      | Reached XP level 1. HP: 19/19 MP: 3/3
   187 | D:1      | Reached XP level 2. HP: 23/26 MP: 3/5
   847 | D:1      | Reached XP level 3. HP: 24/33 MP: 4/6
  1368 | D:2      | Reached XP level 4. HP: 14/42 MP: 1/7
  2368 | D:2      | Found a white marble altar of Elyvilon.
  2400 | D:2      | Found a bloodstained altar of Trog.
  2447 | D:2      | Learned a level 2 spell: Song of Slaying
  2451 | D:2      | Learned a level 2 spell: Shroud of Golubria
  2650 | D:3      | Reached XP level 5. HP: 14/50 MP: 3/8
  3155 | D:3      | HP: 2/50 [orc/trident (2)]
  3157 | D:3      | Slain by an orc

Vault maps used:
D:1:      nzn_arrival_crosshair, hangedman_abyss_or_decor_stabs,
          minmay_curled_crystal, minmay_distorted
D:2:      nicolae_overflow_hidden_temple, fountainhead
D:3:      minmay_checkerbox, uniq_jessica

Skill      XL: |  1  2  3  4  5 |
---------------+----------------+-----
Long Blades    | 3 4 |  4.1
Fighting       | 3 4 |  4.1
Armour         | |  0.7
Dodging        | |  1.5
Spellcasting   | |  2.0
Charms         | |  3.0

Action                   |  1- 3 |  4- 6 || total
-------------------------+-------+-------++-------
Melee: Falchion          |   113 |    74 ||   187
 Cast: Infusion          |     2 |     6 ||     8
 Abil: Spit Poison       |     9 |    23 ||    32
  Eat: Chunk             |     1 |     6 ||     7
Armor: Leather armour    |    47 |    26 ||    73
Dodge: Dodged            |    93 |    55 ||   148
       Rpst.: Falchion   |    38 |    14 ||    52

Table legend:
 A = Spawn XP
 B = Non-spawn XP
 C = Spawn XP percentage of total XP
 D = Spawn monster count
 E = Non-spawn monster count
 F = Spawn count percentage of total count
 G = Total turns spent on level
                    A         B        C        D         E        F      G
               +---------+---------+-------+---------+---------+-------+---------
         Total |       0 |     252 |   0.0 |       0 |      60 |   0.0 |  3157
               +---------+---------+-------+---------+---------+-------+---------
           D:1 |       0 |      42 |   0.0 |       0 |      27 |   0.0 |  1479
           D:2 |       0 |     102 |   0.0 |       0 |      22 |   0.0 |  1007
           D:3 |       0 |     108 |   0.0 |       0 |      11 |   0.0 |   671
               +---------+---------+-------+---------+---------+-------+---------
